 Dungeon Crawl Stone Soup version 0.31.0-11-ge490571c62 (webtiles) character file.

Game seed: 13386887400790937133

2567314 jt the Grim Reaper (level 27, 288/288 HPs)
             Began as a Gargoyle Reaver on Jan 27, 2024.
             Was a Believer of Yredelemnul.
             Escaped with the Orb
             ... and 4 runes
             ... and 1 gem on Jan 28, 2024!
             The game lasted 06:50:24 (65674 turns).

jt the Grim Reaper (Gargoyle Reaver)               Turns: 65674, Time: 06:50:25

Health: 288/288    AC: 60    Str: 34      XL:     27
Magic:  35/36      EV: 14    Int: 25      God:    Yredelemnul [**....]
Gold:   8263       SH: 31    Dex: 11 (12) Spells: 25/52 levels left

rFire   + + .        a - +9 eveningstar (elec)
rCold   + . .        k - +10 tower shield of Ignorance {rN+ Int-4}
rNeg    + + +        f - +9 pearl dragon scales
rPois   ∞            g - -2 hat of Fortification {+Inv Dex+6 SInv}
rElec   +            y - scarf {repulsion}
rCorr   +            w - +2 pair of gloves {Str+3}
SInv    +            I - +3 pair of seven-league boots {Rampage+∞}
Will    +++..        n - amulet of Zeokhoso {Faith ^Contam rPois rF+ Int+6 Stlth+} Stlth
                     R - ring "Osiruli" {rPois rF+ rC+ Will+}
HPRegen 0.68/turn    P - ring "Wico" {rCorr Str+6 Int+4}
MPRegen 0.25/turn

%: random rage (3%), repel missiles, rampage+∞, faith
@: berserking, flying, studying 2 skills, very quick
A: sickness immunity, AC +20, big wings, negative energy resistance 1,
electricity resistance, torment resistance 1, petrification resistance,
iridescent scales 1, berserk 1, clumsy 1, deterioration 1, low MP 1, screaming 1
0: Orb of Zot
}: 4/15 runes: decaying, slimy, silver, gossamer
a: Renounce Religion, Evoke Invisibility, Recall Undead Harvest, Dark Bargain


You escaped.
You worshipped Yredelemnul.
Yredelemnul was exalted by your worship.
You visited 12 branches of the dungeon, and saw 56 of its levels.
You visited the Abyss 1 time.
You visited 1 ziggurat, and saw 9 of its levels.
You also visited: Sewer, Bailey, Ice Cave and Desolation.

You collected 13116 gold pieces.
You spent 4853 gold pieces at shops.

Inventory:

Hand Weapons
 a - a +9 eveningstar of electrocution (weapon)
Armour
 f - +9 pearl dragon scales (worn)
 g - the -2 hat of Fortification (worn) {+Inv Dex+6 SInv}
   (You found it on level 5 of the Vaults)

   Dex+6:     It affects your dexterity (+6).
   SInv:      It lets you see invisible.
   +Inv:      It lets you turn invisible.
 k - the +10 tower shield of Ignorance (worn) {rN+ Int-4}
   (You found it on level 5 of the Pits of Slime)

   Int-4:     It affects your intelligence (-4).
   rN+:       It protects you from negative energy.
 r - the +0 helmet of Lies {*Corrode +Blink rPois rC+++}
   (You acquired it on level 4 of a ziggurat)

   rC+++:     It renders you almost immune to cold.
   rPois:     It protects you from poison +Blink: It lets you blink.
   *Corrode:  It may corrode you when you take damage.
 s - the +3 hat "Hukerph" {Int+2}
   (You found it on level 8 of the Dungeon)

   Int+2:     It affects your intelligence (+2).
 w - a +2 pair of gloves of strength (worn)
 y - a scarf of repulsion (worn)
 E - a +3 buckler of cold resistance
 I - the +3 pair of seven-league boots (worn) {Rampage+∞}
   (You acquired it in a bailey)

   Rampage+∞: When moving toward enemies, its wearer moves as far as possible,
   alerting their target en route.
 Z - the +7 plate armour of Midwinter {Int+3 Dex+2}
   (You found it on level 10 of the Dungeon)

   Int+3:     It affects your intelligence (+3).
   Dex+2:     It affects your dexterity (+2).
Jewellery
 n - the amulet of Zeokhoso (around neck) {Faith ^Contam rPois rF+ Int+6 Stlth+}
   (You took it off a vault guard on level 5 of the Vaults)

   [amulet of faith]

   Faith:     It allows you to gain divine favour quickly.
   Int+6:     It affects your intelligence (+6).
   rF+:       It protects you from fire.
   rPois:     It protects you from poison ^Contam: It causes magical
   contamination when unequipped.
   Stlth+:    It makes you more stealthy.
 z - the ring "Dydogek" {Fire ^Drain rN++ rCorr Int+4}
   (You bought it in a shop on level 14 of the Dungeon)

   [ring of fire]

   Fire:      It enhances your fire magic.
   Int+4:     It affects your intelligence (+4).
   rF+:       It protects you from fire.
   rC-:       It makes you vulnerable to cold.
   rN++:      It greatly protects you from negative energy.
   rCorr:     It protects you from acid and corrosion.
   ^Drain:    It drains your maximum health when unequipped.
 D - the ring of Karidgh {rC+ Will+ Str+6}
   (You acquired it on level 1 of the Vaults)

   [ring of strength]

   Str+6:     It affects your strength (+6).
   rC+:       It protects you from cold.
   Will+:     It increases your willpower.
 H - the ring of Satasuptav {Wiz rC++}
   (You found it on level 3 of the Swamp)

   [ring of wizardry]

   Wiz:       It improves your spell success rate.
   rC++:      It greatly protects you from cold.
 P - the ring "Wico" (right hand) {rCorr Str+6 Int+4}
   (You took it off an imperial myrmidon in the Desolation of Salt)

   [ring of strength]

   Str+6:     It affects your strength (+6).
   Int+4:     It affects your intelligence (+4).
   rCorr:     It protects you from acid and corrosion.
 R - the ring "Osiruli" (left hand) {rPois rF+ rC+ Will+}
   (You found it on level 8 of a ziggurat)

   [ring of protection from fire]

   rF+:       It protects you from fire.
   rC+:       It protects you from cold.
   rPois:     It protects you from poison Will+: It increases your willpower.
 T - the ring "Hul Darhua" {rF+ rN+ MP+9 Int+2}
   (You found it on level 3 of the Crypt)

   [ring of positive energy]

   Int+2:     It affects your intelligence (+2).
   rF+:       It protects you from fire.
   rN+:       It protects you from negative energy.
   MP+9:      It affects your magic capacity (+9).
Wands
 j - a wand of charming (57)
 o - a wand of iceblast (65)
 K - a wand of polymorph (12)
 N - a wand of digging (15)
 Q - a wand of acid (11)
 V - a wand of flame (107)
Scrolls
 b - a scroll of enchant weapon
 c - 13 scrolls of teleportation
 e - 8 scrolls of blinking
 i - a scroll of summoning
 p - 6 scrolls of silence
 t - 6 scrolls of revelation
 v - 12 scrolls of fog
 J - 10 scrolls of vulnerability
 L - 13 scrolls of poison
 W - 7 scrolls of fear
 Y - 10 scrolls of immolation
Potions
 h - 2 potions of enlightenment
 l - 18 potions of curing
 m - 5 potions of mutation
 q - 2 potions of ambrosia
 B - 3 potions of brilliance
 F - 2 potions of heal wounds
 G - 4 potions of cancellation
 M - 2 potions of berserk rage
 S - a potion of haste
Miscellaneous
 d - a phial of floods
 A - a tin of tremorstones (2/2)
 O - a lightning rod (4/4)
 U - a box of beasts
 X - a phantom mirror (inert)


   Skills:
 - Level 24.6 Fighting
 - Level 16.0 Maces & Flails
 - Level 2.0 Throwing
 - Level 24.5 Armour
 - Level 10.0 Dodging
 - Level 5.0 Stealth
 + Level 21.3 Shields
 - Level 13.0 Spellcasting
 - Level 3.2 Conjurations
 - Level 13.7 Translocations
 - Level 6.0 Air Magic
 O Level 27 Invocations
 - Level 5.0 Evocations


You had 25 spell levels left.
You knew the following spells:

 Your Spells              Type           Power      Damage    Failure   Level
a - Teleport Other        Tloc           71%        N/A       1%          3
c - Sting                 Conj/Alch      96%        1d9       3%          1
d - Blink                 Tloc           100%       N/A       1%          2
e - Apportation           Tloc           100%       N/A       1%          1
f - Lesser Beckoning      Tloc           100%       N/A       1%          2
g - Manifold Assault      Tloc           71%        N/A       1%          4
h - Passage of Golubria   Tloc           71%        N/A       1%          4
i - Vhi's Electric Charg  Tloc/Air       100%       N/A       1%          4
j - Dispersal             Tloc           35%        N/A       3%          6

Your spell library contained the following spells:

 Spells                   Type           Power      Damage    Failure   Level
 Magic Dart               Conj           100%       1d8       1%          1
 Shock                    Conj/Air       100%       1d9       1%          1
 Momentum Strike          Conj/Tloc      100%       3d10      1%          2
 Static Discharge         Conj/Air       78%        3-7/arc   1%          2
 Gell's Gravitas          Tloc           71%        N/A       1%          3
 Swiftness                Air            46%        N/A       1%          3
 Volatile Blastmotes      Fire/Tloc      100%       2d18      1%          3
 Searing Ray              Conj           64%        2d6       2%          2
 Iskenderun's Mystic Bla  Conj/Tloc      56%        2d12      2%          4
 Kiss of Death            Conj/Necr      96%        2d12      3%          1
 Mercury Vapours          Alch/Air       62%        N/A       3%          2
 Dimensional Bullseye     Hex/Tloc       25%        N/A       4%          4
 Mephitic Cloud           Conj/Alch/Air  31%        N/A       6%          3
 Airstrike                Air            23%        2d(4-20)  6%          4
 Necrotise                Necr           64%        1d7       7%          1
 Sandblast                Erth           32%        2d9       7%          1
 Slow                     Hex            64%        N/A       7%          1
 Summon Small Mammal      Summ           64%        N/A       7%          1
 Call Imp                 Summ           32%        N/A       11%         2
 Ensorcelled Hibernation  Hex/Ice        32%        N/A       11%         2
 Jinxbite                 Hex            32%        N/A       11%         2
 Dazzling Flash           Conj/Hex       48%        N/A       11%         3
 Hailstorm                Conj/Ice       24%        3d7       11%         3
 Stone Arrow              Conj/Erth      48%        3d10      11%         3
 Summon Lightning Spire   Summ/Air       31%        N/A       21%         4
 Confusing Touch          Hex            16%        N/A       22%         3
 Fugue of the Fallen      Necr           16%        N/A       22%         3
 Inner Flame              Hex/Fire       16%        N/A       22%         3
 Ozocubu's Armour         Ice            16%        N/A       22%         3
 Passwall                 Erth           16%        N/A       22%         3
 Sigil of Binding         Hex            16%        N/A       22%         3
 Summon Ice Beast         Ice/Summ       16%        N/A       22%         3
 Tukima's Dance           Hex            16%        N/A       22%         3
 Vampiric Draining        Necr           16%        2d7       22%         3
 Arcjolt                  Conj/Air       19%        1d29      30%         5
 Brom's Barrelling Bould  Conj/Erth      24%        2d5       36%         4
 Flame Wave               Conj/Fire      24%        2d8       36%         4
 Fulminant Prism          Conj/Alch      12%        3d8       36%         4
 Freezing Cloud           Conj/Ice/Air   15%        6-21      50%         5
 Silence                  Hex/Air        15%        N/A       50%         5
 Anguish                  Hex/Necr       8%         N/A       56%         4
 Animate Armour           Summ/Erth      32%        N/A       56%         4
 Cause Fear               Hex            8%         N/A       56%         4
 Dispel Undead            Necr           16%        3d10      56%         4
 Ignite Poison            Fire/Alch      16%        N/A       56%         4
 Leda's Liquefaction      Alch/Erth      8%         N/A       56%         4
 Martyr's Knell           Necr/Summ      16%        N/A       56%         4
 Olgreb's Toxic Radiance  Alch           16%        N/A       56%         4
 Petrify                  Alch/Erth      16%        N/A       56%         4
 Sticky Flame             Fire/Alch      16%        2d5       56%         4
 Summon Blazeheart Golem  Fire/Summ      16%        N/A       56%         4
 Fireball                 Conj/Fire      12%        3d7       71%         5
 Irradiate                Conj/Alch      12%        3d15      71%         5
 Conjure Ball Lightning   Conj/Air       19%        3x3d6     86%         6
 Disjunction              Tloc           35%        N/A       86%         8
 Alistair's Intoxication  Alch           10%        N/A       89%         5
 Borgnjor's Vile Clutch   Necr/Erth      8%         N/A       89%         5
 Curse of Agony           Necr           16%        N/A       89%         5
 Lee's Rapid Deconstruct  Erth           8%         3d7*      89%         5
 Summon Mana Viper        Hex/Summ       16%        N/A       89%         5
 Malign Gateway           Summ/Tloc      25%        N/A       98%         7
 Starburst                Conj/Fire      12%        6d5       99%         6
 Eringya's Noxious Bog    Alch           8%         4d6       100%        6
 Sculpt Simulacrum        Ice/Alch       8%         N/A       100%        6
 Haunt                    Necr/Summ      8%         N/A       100%        7
 Monstrous Menagerie      Summ           8%         N/A       100%        7
 Orb of Destruction       Conj           16%        9d7       100%        7
 Ozocubu's Refrigeration  Ice            8%         4d9       100%        7
 Spellforged Servitor     Conj/Summ      12%        N/A       100%        7
 Summon Hydra             Summ           8%         N/A       100%        7
 Discord                  Hex            8%         N/A       100%        8
 Infestation              Necr           8%         N/A       100%        8
 Maxwell's Capacitive Co  Air            23%        ∞         100%        8
 Dragon's Call            Summ           8%         N/A       100%        9
 Polar Vortex             Ice            8%         12d1*     100%        9
 Shatter                  Erth           8%         3d10*     100%        9
 Cigotuvi's Dreadful Rot  Necr/Alch/Air  Unusable   N/A       N/A         2
 Sublimation of Blood     Necr           Unusable   N/A       N/A         2
 Animate Dead             Necr           Unusable   N/A       N/A         4
 Death Channel            Necr           Unusable   N/A       N/A         6

Dungeon Overview and Level Annotations

Branches:
Dungeon (15/15)            Temple (1/1) D:7            Lair (5/5) D:8
  Swamp (4/4) Lair:2       Spider (4/4) Lair:3        Slime (5/5) Lair:4
    Orc (2/2) D:10            Elf (3/3) Orc:2        Vaults (5/5) D:14
  Crypt (3/3) Vaults:2       Tomb (0/3) Crypt:3      Depths (4/4) D:15
    Zot (5/5) Depths:4      Sewer (visited)          Bailey (visited)
  IceCv (visited)         Desolation (visited)

Altars:
Ashenzari
Cheibriados
Dithmenos
Elyvilon
Fedhas
Gozag
Hepliaklqana
Kikubaaqudgha
Makhleb
Nemelex Xobeh
Okawaru
Qazlal
Ru
Sif Muna
Trog
Uskayaw
Vehumet
Wu Jian
Xom
Yredelemnul
Zin
The Shining One
Jiyva

Shops:
D:3 ?   D:6 *   D:13 *   D:14 =*   Orc:2 *([[=   Elf:1 ([[?   Vaults:2 (
Vaults:3 [!(   Vaults:4 ?   Vaults:5 [

Portals:
Hell: Lair:5 Depths:1 Depths:2 Depths:3 Depths:4
Abyss: Depths:3
Pandemonium: Depths:1 Depths:2 Depths:3

Annotations:
Lair:3 exclusion: 6 oklob plants


Innate Abilities, Weirdness & Mutations

You are immune to sickness and miasma.
Your stone body is resilient. (AC +20)
You are immune to poison.
Your large and strong wings let you fly.
You resist negative energy. (rN+)
You are resistant to electric shocks. (rElec)
You are resistant to unholy torment.
You are immune to petrification.
You are partially covered in iridescent scales. (AC +2)
You sometimes lose your temper in combat.
You are clumsy. (Dex -2)
Your body sometimes deteriorates upon taking damage.
Your magical capacity is low. (-10% MP)
You occasionally shout uncontrollably at your foes.


Message History

Your mindless puppet stays behind to rot.
What level of the Dungeon? (default 1, ? - help)
There is a stone staircase leading up here.
You fly upwards.
There is a stone staircase leading down here.
A hell beast comes into view.
You bludgeon the hell beast!!
The hell beast is moderately wounded.
You hit the hell beast.
Lightning courses through the hell beast!
The hell beast is heavily wounded.
You block the hell beast's attack. x2
You begin recalling your allies.
Sojobo is recalled.
You finish recalling your allies.
The hell beast bites you but does no damage.
You block the hell beast's attack.
You can now trade souls for undead servants.
You barely miss the hell beast.
The hell beast is heavily wounded.
You block the hell beast's attack. x2
You barely miss the hell beast.
The hell beast is heavily wounded.
You block the hell beast's attack. The hell beast closely misses you.
A red film seems to cover your vision as you go berserk!
You feel yourself moving faster!
You feel mighty!
You bludgeon the hell beast!!
The hell beast is almost dead.
The hell beast bites you but does no damage.
You block the hell beast's attack.
Sojobo conjures a fierce blast of wind!
You are knocked back by the gust of wind.
The hell beast is knocked back by the gust of wind.
The hell beast slams into the rock wall!
The hell beast is almost dead.
You feel a strong urge to attack something.
Sojobo waves its arms in wide circles.
The air twists around and strikes the hell beast!!!
The hell beast dies!
There is a staircase leading out of the dungeon here.
You have escaped!

#.............#...#.......##.#.##
#"#......#######.#######.....#.#.
#.#......# ##.......## #..####.#Z
..#####..###.........###...###>#Z
#.# #..##...........##.......#Z
### ##..#.............#..#.##.#Z
# ##..##.............##....#.#. #
##..#≈#.......Z.....#≈#.....#. #
#..#≈≈≈......@......≈≈≈#....#Z #
##..#≈#.............#§#..#..#Z #
##..##.............##......#Z #
##..#.............#....##.#Z
#######..##...........##..#....#Z
.........###.........###..##.#.#Z
.........# ##.......## #...Z...Z.
......#..#######.#######..Z#.#.##
......#.......#...#Z....Z.Z..#.#


You could see the friendly Sojobo the bound tengu (repels missiles).

Vanquished Creatures
  the Royal Jelly (Slime:5)
  2 ancient liches
  6 orbs of fire
  Mennas (Vaults:5)
  2 juggernauts (Depths:2)
  A shard shrike (Zig:6)
  A caustic shrike (Depths:2)
  3 curse toes
  3 golden dragons
  A Brimstone Fiend (Zot:2)
  3 electric golems
  6 tentacled monstrosities
  An iron giant (Zig:2)
  A shard shrike zombie (Crypt:1)
  6 titans (Vaults:5)
  3 liches
  15 Orb Guardians
  A deep elf blademaster (Elf:3)
  9 acid blobs
  A walking frostbound tome (Zig:6)
  2 sphinxes
  6 quicksilver dragons
  6 ancient champions
  2 deep elf master archers (Elf:3)
  5 tengu reavers
  8 death cobs
  2 tentacled starspawn (Abyss:3)
  4 shadow dragons
  2 azure jellies
  7 storm dragons
  3 revenants
  2 rockslimes (Slime:5)
  5 frost giants
  A protean progenitor (Zot:1)
  6 draconian knights
  2 draconian monks
  4 fire giants
  9 vault wardens
  3 deep elf sorcerers
  An iron dragon (Vaults:5)
  A balrug (D:13)
  A shard shrike simulacrum (Abyss:3)
  A cacodemon (Abyss:3)
  2 caustic shrike zombies (Crypt:3)
  A ghost moth (Zot:5)
  4 curse skulls
  14 ironbound preservers
  3 draconian scorchers
  A draconian stormcaller (Zot:4)
  4 emperor scorpions
  An angel (Depths:4)
  9 ironbound thunderhulks
  A very ugly thing (Depths:4)
  8 ghouls
  4 draconian annihilators
  2 quicksilver oozes
  13 vampire knights
  13 stone giants
  A juggernaut skeleton (Crypt:3)
  2 formless jellyfish
  7 green draconians
  A deep elf demonologist (Elf:3)
  11 deep elf death magi
  3 eleionomae
  10 dire elephants
  A lorocyproca (Abyss:2)
  4 deep elf annihilators
  A bunyip (Swamp:1)
  6 red draconians
  8 yellow draconians
  Azrael (Spider:2)
  5 spark wasps
  A war gargoyle (Vaults:4)
  A black draconian (Zot:4)
  2 white draconians
  4 crystal guardians
  4 purple draconians
  4 eidola
  Snorg (D:10)
  4 blizzard demons (Depths:3)
  7 ettins
  7 jiangshi
  4 entropy weavers
  4 fire dragons
  A shambling mangrove (Swamp:4)
  A starcursed mass (Abyss:2)
  A merfolk impaler (Depths:2)
  6 ragged hierophants (Desolation)
  4 deep elf high priests
  3 merfolk javelineers (Zig:9)
  5 servants of whispers (Desolation)
  7 ice dragons
  15 vault guards
  2 fenstrider witch zombies
  A spriggan zombie (Crypt:3)
  3 rakshasas
  2 great orbs of eyes
  11 yaktaur captains
  11 hydras
  6 peacekeepers
  An ogre mage (Vaults:5)
  A spriggan skeleton (Depths:2)
  2 radroaches
  2 ghost crabs (Swamp:1)
  A merfolk avatar (Zig:9)
  5 alligators
  3 ironbound frosthearts
  3 spriggan air magi
  5 centaur warriors
  A death knight (Crypt:1)
  18 dancing weapons
  3 deep troll shamans
  4 boulder beetles
  2 merfolk aquamancers (Zig:9)
  A death scarab (Spider:3)
  5 two-headed ogres
  A hell hog (Depths:2)
  5 tengu warriors
  Erica (Lair:1)
  3 death yaks
  8 deep troll earth magi
  A bennu skeleton (Crypt:2)
  8 vampire magi
  2 occultists
  2 thrashing horrors (Abyss:2)
  6 demonic crawlers
  A titan zombie (Crypt:3)
  2 soul eaters
  11 deep elf knights
  3 sun demons
  11 hell knights
  A titan skeleton (Crypt:1)
  Amaemon (D:8)
  A wretched star (Abyss:3)
  A storm dragon skeleton (Zig:4)
  36 skeletal warriors
  A skyshark (Lair:4)
  6 iron trolls
  A sea snake (Zig:9)
  A sixfirhy (Abyss:3)
  3 pharaoh ants
  A salamander mystic (Depths:2)
  A death drake (Depths:2)
  49 deep trolls
  2 shadow wraiths
  2 spriggan druids (Swamp:3)
  2 orb spiders (Spider:1)
  A shadow demon (Abyss:3)
  A spectral hydra (Swamp:3)
  5 flayed ghosts
  3 spriggan riders
  3 orange crystal statues (Zig:4)
  2 bog bodies
  7 deep elf archers
  A spriggan simulacrum (Crypt:3)
  An orc knight (Orc:2)
  6 swamp dragons
  10 necromancers
  14 ironbound convokers
  3 lindwurms
  An obsidian statue (Zig:4)
  2 harpies
  8 arcanists
  2 spectral wolf spiders (Spider:3)
  20 deep elf zephyrmancers
  20 phantasmal warriors
  36 ugly things
  3 steelbarb worms
  4 cyclopes
  25 deep elf pyromancers
  11 wolf spiders
  2 fire giant zombies
  A glowing shapeshifter (Depths:4)
  An orc sorcerer (Bailey)
  7 large abominations
  5 manticores
  A shining eye (Slime:4)
  3 will-o-the-wisps
  17 moths of wrath
  2 oklob plants
  A worldbinder (Abyss:3)
  An elephant (Lair:5)
  3 dire elephant zombies (Crypt:3)
  3 naga zombies (Crypt:3)
  A meliai (Spider:4)
  2 black mambas
  2 salamanders (Depths:2)
  A rust devil (Depths:1)
  8 vault sentinels
  A centaur zombie (Crypt:1)
  2 ice statues (IceCv)
  2 smoke demons
  Maggie (Lair:1)
  2 guardian serpents (Desolation)
  2 orange demons
  8 cane toads
  2 torpor snails (Spider:1)
  4 rime drakes
  3 gargoyles
  An unseen horror (D:10)
  16 yaktaurs
  A bunyip simulacrum (Swamp:3)
  A komodo dragon (shapeshifter) (Vaults:5)
  9 guardian mummies
  4 komodo dragons
  2 freezing wraiths
  2 ice devils
  2 kobold demonologists
  4 tengu conjurers
  An iron troll skeleton (Crypt:1)
  A merfolk (shapeshifter) (Vaults:5)
  An unseen horror skeleton (Crypt:1)
  A hydra zombie (Swamp:3)
  A purple draconian skeleton (Crypt:1)
  9 trolls
  A red devil (Lair:5)
  A wolf spider simulacrum (Spider:3)
  A polar bear (Lair:2)
  A merfolk (Zig:9)
  4 tyrant leeches
  38 saltlings
  14 tarantellas
  A snapping turtle (shapeshifter) (Depths:1)
  14 blink frogs
  3 raiju
  An ettin zombie (Crypt:3)
  2 snapping turtles (Zig:9)
  4 air elementals
  36 slime creatures
  4 water elementals
  A spriggan (Depths:2)
  12 jumping spiders
  A black mamba zombie (Crypt:3)
  9 culicivoras
  A shadow (D:9)
  2 wyverns
  A slime creature zombie (Crypt:2)
  An ettin skeleton (Crypt:3)
  12 wraiths
  4 ynoxinuls (Depths:3)
  A basilisk (Lair:2)
  A redback (shapeshifter) (Vaults:5)
  A yak (shapeshifter) (D:14)
  21 yaks
  2 neqoxecs
  2 golden eyes (Slime:4)
  29 redbacks
  A steam dragon (D:10)
  A chaos spawn (Zot:4)
  A warg (Orc:2)
  5 vampire mosquitoes
  5 swamp worms
  A two-headed ogre zombie (Crypt:1)
  2 small abominations
  2 acid dragons
  3 water moccasins
  4 great orb of eyes simulacra (IceCv)
  9 hell hounds
  2 hydra simulacra
  3 swamp drakes (Swamp:4)
  A two-headed ogre skeleton (Crypt:1)
  Duvessa (D:5)
  A faun skeleton (Crypt:1)
  19 orc warriors
  2 ice beasts
  2 black bears
  9 laughing skulls
  2 boggarts (Vaults:3)
  A swamp dragon skeleton (Crypt:3)
  3 wolves
  An ogre (Orc:2)
  4 centaurs
  A dream sheep skeleton (Crypt:3)
  A spectral kobold (Bailey)
  9 kobold brigands
  A phantom (D:6)
  A slime creature simulacrum (IceCv)
  9 bullfrogs
  2 elf zombies (Elf:1)
  A hog skeleton (Crypt:2)
  5 scorpions
  2 earth elementals
  2 necrophages
  A warg zombie (Crypt:1)
  A gnoll sergeant (D:10)
  A glowing shapeshifter simulacrum (IceCv)
  A salamander skeleton (Crypt:1)
  A yak zombie (Crypt:3)
  8 wights
  A swamp dragon simulacrum (Swamp:3)
  6 electric eels (Bailey)
  3 bombardier beetles
  A raiju skeleton (Crypt:1)
  A wolf zombie (Crypt:2)
  3 lava snakes
  A crimson imp (Abyss:3)
  A wolf skeleton (Crypt:2)
  12 orc priests
  2 jellies
  A human skeleton (Crypt:2)
  5 iguanas
  3 sleepcaps
  13 orc wizards
  2 spectral orcs (Bailey)
  2 hell rats (D:8)
  3 shapeshifter simulacra (IceCv)
  A killer bee zombie (Crypt:2)
  10 mummies
  17 gnolls
  4 adders
  An orc zombie (Bailey)
  5 river rats
  A shadow imp (D:5)
  10 white imps
  A dart slug (D:1)
  2 ribbon worms
  40 orcs
  13 endoplasms
  3 giant cockroaches
  12 goblins
  12 hobgoblins
  11 jackals
  25 kobolds
  6 quokkas
  6 ball pythons
  5 bats
  6 frilled lizards
  A gnoll skeleton (Crypt:3)
  6 rats
  A starspawn tentacle (Abyss:3)
1594 creatures vanquished.

Vanquished Creatures (collateral kills)
  2 ancient liches
  2 juggernauts (Depths:2)
  4 orbs of fire (Zot:5)
  the Lernaean hydra (Swamp:4)
  Vv (Zot:3)
  Boris (twice) (Vaults:5 Crypt:3)
  4 Killer Klowns
  Nikola (Spider:3)
  3 golden dragons
  Jory (Crypt:3)
  A bone dragon (Depths:4)
  3 electric golems
  A Brimstone Fiend (Zot:2)
  7 tentacled monstrosities
  9 Orb Guardians (Zot:5)
  A lich (Crypt:3)
  2 deep elf blademasters
  A quicksilver dragon (Zot:4)
  7 death cobs
  3 titans
  4 sphinxes
  8 acid blobs
  An ancient champion (Crypt:2)
  5 tengu reavers (Vaults:5)
  2 shadow dragons
  4 storm dragons
  A thorn hunter (Swamp:4)
  2 protean progenitors (Zot:1)
  10 azure jellies
  A draconian knight (Depths:4)
  8 rockslimes (Slime:5)
  3 emperor scorpions (Spider:4)
  3 fire giants
  2 draconian shifters
  4 frost giants
  2 draconian monks
  5 deep elf sorcerers (Elf:3)
  A balrug (Abyss:3)
  Louise (Spider:1)
  7 vault wardens
  A ghoul (Crypt:3)
  9 ironbound preservers
  6 ghost moths
  An orc warlord (Orc:2)
  An iron dragon (Depths:3)
  3 imperial myrmidons (Desolation)
  A deep elf elementalist (Elf:3)
  6 quicksilver oozes
  2 draconian annihilators
  A Killer Klown zombie (Zot:5)
  6 very ugly things
  4 stone giants
  4 formless jellyfish
  A caustic shrike skeleton (Depths:2)
  4 ironbound thunderhulks
  2 broodmothers (Spider:4)
  5 vampire knights
  A deep elf demonologist (Vaults:5)
  4 green draconians
  An eleionoma (Swamp:1)
  A deep elf death mage (Elf:1)
  2 spark wasps (Spider:4)
  9 dire elephants
  5 purple draconians
  4 black draconians
  2 white draconians
  A yellow draconian (Depths:4)
  2 bunyips
  4 deep elf annihilators
  A lorocyproca (Zot:2)
  A crystal guardian (Desolation)
  2 eidola
  11 ettins
  5 fire dragons
  3 jiangshi
  5 yaktaur captains
  An entropy weaver (shapeshifter) (Elf:3)
  6 ice dragons
  2 spriggan zombies (Crypt:3)
  5 entropy weavers
  A quicksilver dragon zombie (Crypt:3)
  A servant of whispers (Desolation)
  A rakshasa (Depths:2)
  A deep elf high priest (Elf:3)
  2 jorogumos (Spider:4)
  3 peacekeepers (Desolation)
  13 hydras
  A caustic shrike simulacrum (Crypt:3)
  3 ironbound frosthearts
  2 hell beasts
  2 spriggan air magi
  Erolcha (D:10)
  14 vault guards
  A ghost crab (Swamp:3)
  4 great orbs of eyes
  3 alligators
  A juggernaut simulacrum (Zig:6)
  A spriggan skeleton (Crypt:3)
  4 boulder beetles
  A radroach (Spider:3)
  7 centaur warriors
  12 dancing weapons
  10 death yaks (Lair:5)
  3 two-headed ogres
  6 deep troll shamans
  2 two-headed ogres (shapeshifter) (Vaults:5)
  The ghost of Skimidon the Fighter, a journeyman VSCK of Xom (D:10)
  7 deep troll earth magi
  Urug (Lair:4)
  5 tengu warriors
  2 demonic crawlers
  A titan zombie (Crypt:3)
  A spriggan berserker (Depths:2)
  2 occultists
  8 deep elf knights (Elf:2)
  2 orc high priests (Orc:2)
  5 hell knights
  2 soul eaters
  6 skeletal warriors
  4 iron trolls
  2 sun demons
  A death drake (Depths:2)
  A sea snake (shapeshifter) (Depths:4)
  A wretched star (Abyss:3)
  5 pharaoh ants
  3 goliath frogs
  3 flayed ghosts (Crypt:3)
  A sea snake (Zig:9)
  3 spriggan riders
  A mana viper (shapeshifter) (Vaults:5)
  2 spriggan druids
  4 orb spiders
  5 arcanists
  2 lindwurms
  3 sun moths
  6 bog bodies
  2 orc knights
  6 deep elf archers
  6 ironbound convokers
  4 swamp dragons (Swamp:4)
  46 deep trolls
  6 steelbarb worms (Spider:4)
  11 deep elf pyromancers
  12 phantasmal warriors
  3 necromancers
  9 deep elf zephyrmancers
  4 spectral wolf spiders (Spider:3)
  A fire giant zombie (Depths:2)
  A large abomination (Elf:1)
  13 wolf spiders
  A salamander (Depths:2)
  35 ugly things
  2 orc sorcerers (Orc:2)
  A stone giant zombie (Vaults:5)
  2 oklob plants (Lair:4)
  A shining eye (Slime:3)
  3 manticores
  3 elephants (Lair:5)
  A shadow dragon skeleton (Crypt:3)
  3 kobold blastminers (Orc:2)
  4 cyclopes
  5 meliai
  A dire elephant zombie (Crypt:3)
  A will-o-the-wisp (Swamp:1)
  An apocalypse crab (Abyss:3)
  10 moths of wrath
  An elephant (shapeshifter) (Vaults:5)
  5 vault sentinels
  3 black mambas
  10 cane toads
  A guardian serpent (Desolation)
  An ice statue (IceCv)
  A torpor snail (Spider:4)
  An eye of devastation (Slime:5)
  2 orange demons (Lair:5)
  A smoke demon (Lair:5)
  2 molten gargoyles (Desolation)
  8 yaktaurs
  A bunyip simulacrum (Swamp:3)
  A tormentor (Zot:5)
  An efreet (Abyss:3)
  An orb spider zombie (Crypt:3)
  4 komodo dragons
  3 ice devils
  A tengu conjurer (Depths:3)
  A hydra zombie (Swamp:3)
  A harpy zombie (Crypt:3)
  4 trolls
  4 tyrant leeches
  16 blink frogs
  2 wolf spider simulacra (Spider:3)
  7 hornets
  12 saltlings (Desolation)
  14 tarantellas
  35 slime creatures
  A slime creature (shapeshifter) (Vaults:5)
  16 culicivoras
  3 air elementals
  17 jumping spiders
  6 spriggans
  A naga simulacrum (Crypt:3)
  3 wraiths
  17 yaks
  An elf zombie (Vaults:5)
  2 basilisks
  A golden eye (Slime:4)
  4 fire elementals
  36 redbacks
  5 vampire mosquitoes (Swamp:3)
  3 deep troll zombies (Vaults:5)
  9 swamp worms
  A chaos spawn (Abyss:3)
  9 water moccasins
  A human zombie (Depths:2)
  2 swamp drakes (Swamp:4)
  2 great orb of eyes simulacra (IceCv)
  A black bear (Lair:3)
  12 hell hounds
  A hornet zombie (Depths:2)
  12 orc warriors
  2 laughing skulls (Abyss:3)
  A swamp dragon zombie (Swamp:3)
  3 spriggan simulacra
  An ogre (Orc:1)
  A manticore skeleton (Crypt:3)
  A boggart (Vaults:3)
  A small abomination (Abyss:3)
  A slime creature simulacrum (IceCv)
  5 wolves (Lair:3)
  2 bullfrogs (Lair:2)
  A gnoll sergeant (D:9)
  2 necrophages
  A hog skeleton (Crypt:2)
  An earth elemental (Elf:2)
  Dowan (D:5)
  A water moccasin skeleton (Crypt:3)
  2 killer bees
  An electric eel (Bailey)
  A howler monkey (D:12)
  A quasit (Abyss:3)
  4 orc priests
  2 iguanas (Lair:2)
  3 orc wizards (Orc:1)
  A hell rat (D:8)
  2 mummies (Crypt:3)
  A river rat (D:8)
  4 white imps (Lair:3)
  An ufetubus (Abyss:3)
  A ribbon worm (Sewer)
  12 orcs
  2 ball pythons
  4 kobolds
  A quokka (D:8)
  A frilled lizard (D:2)
  A rat (D:2)
  An aspiring flesh (Zot:1)
1034 creatures vanquished.

Vanquished Creatures (others)
  A golden dragon (Zot:5)
  An Orb Guardian (Zot:5)
  spectral Arachne (Elf:3)
  A juggernaut zombie (Depths:2)
  A Killer Klown zombie (Zot:5)
  A rockslime zombie (Slime:5)
  A quicksilver dragon zombie (Zot:3)
  The ghost of Zatibaps the Spry, a journeyman FeAl of Dithmenos (Swamp:3)
  3 Orb Guardian zombies (Zot:5)
  A servant of whispers (Desolation)
  A spectral elf (Vaults:5)
  An occultist (D:15)
  A storm dragon zombie (Zot:4)
  2 quicksilver ooze zombies (Slime:5)
  2 deep elf knights (Elf:2)
  A bunyip zombie (Swamp:2)
  A golden dragon zombie (Zot:5)
  A spark wasp zombie (Spider:4)
  6 ugly thing zombies
  23 elf zombies
  A deep elf archer (Elf:2)
  A broodmother zombie (Spider:4)
  5 wolf spider zombies
  3 draconian zombies
  A deep elf pyromancer (Elf:3)
  A spectral hydra (Swamp:3)
  2 fire giant zombies
  5 stone giant zombies
  A formless jellyfish zombie (Vaults:4)
  A spectral soul eater (Crypt:1)
  A spectral rakshasa (Depths:2)
  2 orb spider zombies
  A steelbarb worm zombie (Spider:4)
  3 green draconian zombies (Zot:4)
  A purple draconian zombie (Zot:5)
  A yellow draconian zombie (Zot:4)
  2 red draconian zombies (Zot:4)
  A yaktaur (Vaults:3)
  An iron troll zombie (Depths:2)
  13 redback zombies
  6 bloated husks
  A death drake zombie (Depths:2)
  4 hydra zombies
  3 demonic crawler zombies (Spider:4)
  An ettin zombie (Vaults:5)
  6 moth of wrath zombies
  3 tarantella zombies
  A guardian serpent zombie (Desolation)
  2 jumping spider zombies
  A slime creature (IceCv)
  2 fire dragon zombies
  5 meliai zombies
  An ice dragon zombie (Depths:2)
  4 culicivora zombies
  A black mamba zombie (Lair:4)
  A spriggan (Swamp:3)
  A fire elemental (Spider:2)
  A spectral orange demon (D:8)
  4 spriggan zombies
  A tyrant leech zombie (Swamp:2)
  4 vampire mosquitoes (Swamp:3)
  2 tengu zombies
  2 entropy weaver zombies
  A merfolk zombie (Vaults:5)
  18 deep troll zombies
  2 cane toad zombies (Lair:4)
  23 human zombies
  A hornet zombie (Swamp:4)
  A swamp dragon zombie (Swamp:2)
  2 blink frog zombies
  7 yaktaur zombies
  A troll zombie (D:10)
  6 hell hound zombies
  2 yak zombies
  A wolf zombie (Lair:3)
  2 bullfrog zombies
  2 centaur zombies
  2 orc wizards
  3 ogre zombies
  A hell rat zombie (D:8)
  A spectral crimson imp (Abyss:3)
  An orc (Bailey)
  A bat zombie (D:1)
  8 gnoll zombies
  A goblin (Bailey)
  2 river rat zombies (D:8)
  5 goblin zombies
  3 hobgoblin zombies (Bailey)
  A jackal zombie (D:3)
  5 kobold zombies
  26 orc zombies
  A quokka zombie (D:8)
  A spectral ufetubus (Abyss:3)
  15 foxfires
  3 starspawn tentacles (Abyss:3)
304 creatures vanquished.

Grand Total: 2932 creatures vanquished

Notes
Turn   | Place    | Note
-------+----------+-------------------------------------------
     0 | D:1      | jt the Gargoyle Reaver began the quest for the Orb.
     0 | D:1      | Reached XP level 1. HP: 12/12 MP: 3/3
   206 | D:1      | Reached XP level 2. HP: 18/18 MP: 5/5
   294 | D:1      | Found a faded altar of an unknown god.
   403 | D:1      | Got Plato's Grimoire of the Familiar
   404 | D:1      | Prayed at the altar of an unknown god.
   404 | D:1      | Became a worshipper of Yredelemnul the Dark
   404 | D:1      | Reached * piety under Yredelemnul
   542 | D:1      | Reached XP level 3. HP: 22/22 MP: 6/6
  1577 | D:3      | Found a glowing drain.
  1614 | Sewer    | Entered a sewer
  1636 | Sewer    | Noticed a kobold brigand
  1651 | Sewer    | Killed a kobold brigand
  1652 | Sewer    | Reached XP level 4. HP: 18/29 MP: 7/7
  1652 | Sewer    | Reached XP level 5. HP: 21/33 MP: 8/8
  1705 | Sewer    | Noticed a kobold brigand
  1715 | Sewer    | Killed a kobold brigand
  1716 | Sewer    | Reached skill level 5 in Maces & Flails
  1877 | Sewer    | Reached XP level 6. HP: 38/38 MP: 9/9
  1934 | Sewer    | Reached ** piety under Yredelemnul
  2125 | Sewer    | Reached skill level 1 in Throwing
  2129 | Sewer    | Learned a level 2 spell: Momentum Strike
  2131 | Sewer    | Learned a level 1 spell: Sting
  2537 | D:3      | Found Kiont's Magic Scroll Shop.
  2541 | D:3      | Bought a scroll of enchant armour for 105 gold pieces
  2868 | D:4      | Reached skill level 5 in Fighting
  2881 | D:4      | Reached XP level 7. HP: 36/44 MP: 10/10
  2982 | D:4      | Learned a level 2 spell: Blink
  3630 | D:5      | Entered Level 5 of the Dungeon
  3662 | D:5      | Noticed Duvessa
  3663 | D:5      | Noticed Dowan
  3744 | D:5      | Reached skill level 1 in Armour
  3788 | D:5      | Killed Duvessa
  3791 | D:5      | Killed Dowan
  3889 | D:5      | Reached XP level 8. HP: 41/51 MP: 11/11
  4036 | D:5      | Found a hide-covered altar of Uskayaw.
  4047 | D:5      | Found an ancient bone altar of Kikubaaqudgha.
  4544 | D:6      | Found Wolim's Elemental Accessories.
  5023 | D:6      | Reached XP level 9. HP: 46/58 MP: 12/12
  5635 | D:7      | Found a flagged portal.
  5661 | Bailey   | Entered a bailey
  5937 | Bailey   | Acquired the +3 pair of seven-league boots {Rampage+∞}
  5937 | Bailey   | Found the +3 pair of seven-league boots {Rampage+∞}
  6094 | Bailey   | Reached skill level 5 in Armour
  6140 | Bailey   | Found an iron altar of Okawaru.
  6142 | Bailey   | Noticed a kobold demonologist
  6142 | Bailey   | Noticed an orc sorcerer
  6147 | Bailey   | Killed an orc sorcerer
  6147 | Bailey   | Killed a kobold demonologist
  6148 | Bailey   | Reached XP level 10. HP: 66/66 MP: 13/13
  6229 | Bailey   | Identified the +5 trident "Arhoc" {flame, rCorr Dex+2}
  6455 | D:7      | Found a shimmering altar of Xom.
  6481 | D:7      | Acquired 1024 gold pieces
  6515 | D:6      | Bought a tin of tremorstones (2/2) for 440 gold pieces
  6515 | D:6      | Bought a wand of iceblast (7) for 184 gold pieces
  6715 | D:7      | Found a staircase to the Ecumenical Temple.
  7044 | Temple   | Entered the Ecumenical Temple
  7144 | D:8      | Noticed Amaemon
  7144 | D:8      | Noticed an orange demon
  7172 | D:8      | Killed Amaemon
  7173 | D:8      | Reached skill level 2 in Invocations
  7173 | D:8      | Reached skill level 1 in Evocations
  7378 | D:8      | Noticed a death yak
  7379 | D:8      | Noticed a death yak
  7380 | D:8      | Noticed a death yak
  7382 | D:8      | Noticed a two-headed ogre
  7385 | D:8      | Reached skill level 10 in Fighting
  7405 | D:7      | Killed a death yak
  7406 | D:7      | Reached skill level 3 in Invocations
  7672 | D:8      | Found a staircase to the Lair.
  7673 | D:8      | Reached skill level 10 in Maces & Flails
  7683 | D:8      | Killed an orange demon
  7897 | D:9      | Reached skill level 4 in Invocations
  7966 | D:9      | Noticed a two-headed ogre
  7983 | D:9      | Killed a two-headed ogre
  7984 | D:9      | Reached XP level 11. HP: 73/73 MP: 14/14
  8006 | D:9      | Reached skill level 5 in Invocations
  8330 | D:9      | Noticed a two-headed ogre
  8341 | D:9      | Killed a two-headed ogre
  8493 | D:9      | Found a snail-covered altar of Cheibriados.
  8494 | D:9      | Found a white marble altar of Elyvilon.
  8494 | D:9      | Found a hazy altar of Hepliaklqana.
  8609 | D:9      | Noticed a two-headed ogre
  8617 | D:9      | Killed a two-headed ogre
  8618 | D:9      | Reached skill level 6 in Invocations
  8729 | D:9      | Noticed a manticore
  8736 | D:9      | Killed a manticore
  8897 | D:10     | Entered Level 10 of the Dungeon
  8989 | D:10     | Noticed Snorg
  9007 | D:10     | Killed Snorg
  9008 | D:10     | Reached skill level 7 in Invocations
  9070 | D:10     | Your ally Snorg died
  9331 | D:10     | Noticed Erolcha
  9342 | D:10     | Killed Erolcha
  9383 | D:10     | Found a transporter.
  9383 | D:10     | Noticed a deep troll
  9384 | D:10     | Noticed a two-headed ogre
  9385 | D:10     | Noticed Skimidon's ghost (journeyman VSCK)
  9385 | D:10     | Noticed a moth of wrath
  9435 | D:10     | Found a bloodstained altar of Trog.
  9453 | D:10     | Found a transporter.
  9582 | D:10     | Found a glowing golden altar of the Shining One.
  9617 | D:10     | Found a staircase to the Orcish Mines.
  9637 | D:10     | Reached *** piety under Yredelemnul
  9640 | D:10     | Learned a level 1 spell: Apportation
  9927 | D:10     | Identified the +7 plate armour of Midwinter {Int+3 Dex+2}
  9930 | D:10     | Reached skill level 8 in Invocations
 10109 | D:8      | Found a runed translucent door.
 10251 | D:8      | Identified the +3 hat "Hukerph" {Int+2}
 10262 | D:8      | Identified the +0 whip "Reph" {spect, rN+}
 10265 | D:8      | Found a runed translucent gate.
 10265 | D:8      | Found a runed translucent gate.
 10265 | D:8      | Found a runed translucent gate.
 10265 | D:8      | Found a runed translucent gate.
 10265 | D:8      | Found a runed translucent gate.
 10265 | D:8      | Noticed a lindwurm
 10265 | D:8      | Noticed a boulder beetle
 10266 | D:8      | Found a runed translucent gate.
 10284 | D:8      | Killed a boulder beetle
 10285 | D:8      | Reached skill level 1 in Translocations
 10285 | D:8      | Reached XP level 12. HP: 70/80 MP: 18/18
 10317 | D:8      | Identified the amulet of Ozxumob {Faith Str+2}
 10492 | D:8      | Killed a death yak
 10501 | D:8      | Killed a death yak
 10543 | D:8      | Reached skill level 9 in Invocations
 10561 | D:8      | Killed a two-headed ogre
 10561 | D:8      | Reached **** piety under Yredelemnul
 10562 | D:8      | Reached skill level 5 in Evocations
 10593 | D:8      | Found a blossoming altar of Fedhas.
 10738 | Lair:1   | Entered Level 1 of the Lair of Beasts
 10863 | Lair:1   | Noticed Maggie
 10886 | Lair:1   | Killed Maggie
 11104 | Lair:1   | Noticed Erica
 11119 | Lair:1   | Killed Erica
 11303 | Lair:1   | Reached skill level 10 in Invocations
 11433 | Lair:1   | Reached ***** piety under Yredelemnul
 11946 | Lair:2   | Reached skill level 11 in Invocations
 12000 | Lair:2   | Reached XP level 13. HP: 87/87 MP: 21/21
 12108 | Lair:2   | Reached ****** piety under Yredelemnul
 12310 | Lair:2   | Found a staircase to the Swamp.
 12445 | Lair:2   | Found a broken altar of Ashenzari.
 12687 | Lair:2   | Reached skill level 12 in Invocations
 12857 | Lair:3   | Found a frozen archway.
 12920 | IceCv    | Entered an ice cave
 13402 | IceCv    | Noticed a quicksilver ooze
 13408 | IceCv    | Killed a quicksilver ooze
 13533 | IceCv    | Noticed an azure jelly
 13538 | IceCv    | Killed an azure jelly
 13539 | IceCv    | Reached skill level 13 in Invocations
 13539 | IceCv    | Noticed an azure jelly
 13547 | IceCv    | Killed an azure jelly
 13548 | IceCv    | Found a viscous altar of Jiyva.
 13566 | IceCv    | Identified the ring "Calaupox" {Fly rC+ Str+3 Int+6}
 13900 | Lair:3   | Reached skill level 1 in Shields
 14169 | Lair:3   | Found a hole to the Spider Nest.
 14197 | Lair:3   | Reached skill level 5 in Shields
 14197 | Lair:3   | Gained mutation: Your large and strong wings let you fly.
                  | [Gargoyle growth]
 14197 | Lair:3   | Reached XP level 14. HP: 73/94 MP: 24/24
 14884 | Lair:4   | Found a viscous altar of Jiyva.
 14884 | Lair:4   | Found a staircase to the Slime Pits.
 14917 | Lair:4   | Noticed Urug
 14923 | Lair:4   | Killed Urug
 14988 | Lair:4   | Noticed a dire elephant
 14994 | Lair:4   | Killed a dire elephant
 15627 | Lair:5   | Entered Level 5 of the Lair of Beasts
 15671 | Lair:5   | Reached skill level 14 in Invocations
 15812 | Lair:5   | Noticed a dire elephant
 15831 | Lair:5   | Killed a dire elephant
 16169 | Lair:5   | Found a burning altar of Makhleb.
 16228 | Lair:5   | Found a gateway to Hell.
 16322 | Lair:5   | Reached XP level 15. HP: 87/101 MP: 14/26
 16491 | Lair:5   | Reached skill level 15 in Invocations
 17431 | Orc:1    | Entered Level 1 of the Orcish Mines
 17652 | Orc:2    | Entered Level 2 of the Orcish Mines
 17720 | Orc:2    | Noticed an orc warlord
 17727 | Orc:2    | Killed an orc warlord
 17728 | Orc:2    | Reached skill level 15 in Fighting
 17885 | Orc:2    | Found Suigosch's Antique Weapon Shop.
 18208 | Orc:2    | Found Ceib Lox's Jewellery Shop.
 18241 | Orc:2    | Found a staircase to the Elven Halls.
 18264 | Orc:2    | Found Izim's Antique Armour Shoppe.
 18283 | Orc:2    | Found Raudui's Antique Armour Boutique.
 18346 | Orc:2    | Bought a pair of brightly glowing gloves for 256 gold
                  | pieces
 18346 | Orc:2    | Identified the +1 pair of gloves of Hairiness {Will- rCorr
                  | Int+2} (You bought it in a shop on level 2 of the Orcish
                  | Mines)
 18353 | Orc:2    | Bought a shiny buckler for 202 gold pieces
 18613 | Orc:2    | Found Tupteas's General Store.
 18622 | Orc:2    | Bought a scroll of revelation for 90 gold pieces
 18622 | Orc:2    | Bought a scroll of identify for 24 gold pieces
 19381 | D:11     | Noticed a fire giant
 19393 | D:11     | Killed a fire giant
 21029 | D:13     | Found Fieng's General Store.
 21598 | D:14     | Reached skill level 10 in Armour
 21598 | D:14     | Reached XP level 16. HP: 100/110 MP: 27/27
 21645 | D:14     | Found Eddaamo's Jewellery Shoppe.
 21797 | D:14     | Found a gate to the Vaults.
 21863 | D:14     | Reached skill level 15 in Maces & Flails
 21863 | D:14     | Reached skill level 16 in Invocations
 21989 | D:14     | Found Xyum's General Store.
 21997 | D:14     | Bought a scroll of revelation for 97 gold pieces
 22328 | D:14     | Found a bloodstained altar of Trog.
 22576 | D:15     | Entered Level 15 of the Dungeon
 23123 | D:15     | Found a staircase to the Depths.
 23976 | D:14     | Bought the ring "Dydogek" {Fire ^Drain rN++ rCorr Int+4}
                  | for 610 gold pieces
 24200 | Spider:1 | Entered Level 1 of the Spider Nest
 24761 | Spider:1 | Noticed Louise
 24778 | Spider:1 | Killed Louise
 25151 | Spider:2 | Noticed Azrael
 25339 | Spider:2 | Noticed Arachne
 25352 | Spider:2 | Killed Azrael
 25354 | Spider:2 | Killed Arachne
 25354 | Spider:2 | Charmed Arachne
 25503 | Spider:2 | Identified the +1 long sword of Exkuynk {elec, rC++ Int-2
                  | SInv Stlth+}
 25723 | Spider:3 | Reached XP level 17. HP: 101/116 MP: 29/29
 25734 | Spider:3 | Reached skill level 17 in Invocations
 26371 | Spider:3 | Noticed Nikola
 26380 | Spider:3 | Killed Nikola
 26414 | Spider:3 | Identified the +3 orcbow of Impermanence {flame, rPois rF-
                  | rC+++ Str+3}
 26888 | Spider:4 | Entered Level 4 of the Spider Nest
 27422 | Spider:4 | Reached skill level 18 in Invocations
 27422 | Spider:4 | Reached XP level 18. HP: 114/125 MP: 29/31
 27786 | Spider:4 | Reached XP level 19. HP: 131/131 MP: 22/32
 27884 | Spider:4 | Got a gossamer rune of Zot
 28530 | Swamp:1  | Entered Level 1 of the Swamp
 28763 | Swamp:1  | Identified the +4 robe of the Orcish Mines {rF++ Archmagi}
 28805 | Swamp:1  | Reached skill level 5 in Dodging
 28902 | Swamp:1  | Identified the +0 ring mail of the Beekeeper {Str+5 SInv}
 29373 | Swamp:2  | Reached skill level 19 in Invocations
 30079 | Swamp:3  | Found a transporter.
 30081 | Swamp:3  | Noticed Zatibaps's ghost (journeyman FeAl)
 30084 | Swamp:3  | Found a transporter.
 30367 | Swamp:3  | Learned a level 2 spell: Lesser Beckoning
 30375 | Swamp:3  | Reached skill level 15 in Armour
 30943 | Swamp:3  | Killed Zatibaps's ghost
 30970 | Swamp:3  | Identified the ring of Satasuptav {Wiz rC++}
 31013 | Swamp:4  | Entered Level 4 of the Swamp
 31275 | Swamp:4  | Noticed a tentacled monstrosity
 31286 | Swamp:4  | Killed a tentacled monstrosity
 31297 | Swamp:4  | Reached XP level 20. HP: 94/140 MP: 27/33
 31306 | Swamp:4  | Noticed the 27-headed Lernaean hydra
 31311 | Swamp:4  | Killed the 27-headed Lernaean hydra
 31503 | Swamp:4  | Got a decaying rune of Zot
 32216 | Vaults:1 | Entered Level 1 of the Vaults
 32218 | Vaults:1 | Acquired a manual of Spellcasting
 32220 | Vaults:1 | Acquired the ring of Karidgh {rC+ Will+ Str+6}
 32267 | Vaults:1 | Found a crumbling gateway.
 32276 | Vaults:1 | Reached skill level 20 in Invocations
 32294 | Desolati | Entered the Desolation of Salt
 32995 | Desolati | Identified the +9 arbalest "Bokhyho" {penet, rElec Str+3
                  | Int+3 Stlth+}
 32995 | Desolati | Identified the +6 quarterstaff "Yvvicaf" {venom, rF- rCorr
                  | Dex+5}
 32995 | Desolati | Identified the ring "Wico" {rCorr Str+6 Int+4}
 33048 | Desolati | Identified the ring of Hiryo {Fire Int-3 Dex+3}
 33051 | Desolati | Got the Papyrus of the Destructive Jaunt
 33168 | Desolati | Identified the +0 robe of Pride {rC+ Will+ Str-2 Archmagi}
 33173 | Desolati | Identified the +6 morningstar "Tormentor" {venom, Dex+2}
 33175 | Desolati | Got the Incunabulum of Analysis
 33521 | Desolati | Got the Vellum of the Burn and Locality
 33538 | Desolati | Identified the ring "Tuvvoass" {rN++ Will+ Int+3}
 33545 | Desolati | Identified the +6 scale mail of the Meadowlark {*Slow rCorr
                  | Str+2}
 34317 | Vaults:1 | Reached skill level 21 in Invocations
 34399 | Vaults:1 | Reached XP level 21. HP: 147/147 MP: 28/35
 35617 | Vaults:2 | Found a staircase to the Crypt.
 36020 | Vaults:2 | Reached skill level 5 in Spellcasting
 36181 | Vaults:2 | Found Mout Minn's Weapon Boutique.
 37250 | Vaults:3 | Noticed an ancient lich
 37261 | Vaults:3 | Killed an ancient lich
 37263 | Vaults:3 | Identified the +0 pair of gloves "Uciog" {Str-2 Dex+3 SInv}
 37783 | Vaults:3 | Found Zibex's Distillery.
 37791 | Vaults:3 | Bought a potion of heal wounds for 105 gold pieces
 37791 | Vaults:3 | Bought a potion of heal wounds for 105 gold pieces
 37791 | Vaults:3 | Bought a potion of heal wounds for 105 gold pieces
 37791 | Vaults:3 | Bought a potion of curing for 63 gold pieces
 37808 | Vaults:3 | Found Buifekhlosik's Weapon Shoppe.
 37936 | Vaults:3 | Reached skill level 22 in Invocations
 38067 | Vaults:3 | Reached skill level 5 in Translocations
 38218 | Vaults:3 | Found Jelupsys's Antique Armour Shoppe.
 38223 | Vaults:3 | Bought a shiny helmet for 270 gold pieces
 38226 | Vaults:3 | Bought a shiny buckler for 270 gold pieces
 38418 | Vaults:3 | Reached XP level 22. HP: 122/155 MP: 33/37
 38899 | Vaults:4 | Found Kikk's Magic Scroll Emporium.
 38943 | Vaults:4 | Bought a scroll of revelation for 150 gold pieces
 38943 | Vaults:4 | Bought a scroll of revelation for 150 gold pieces
 38943 | Vaults:4 | Bought a scroll of teleportation for 60 gold pieces
 40228 | Elf:1    | Entered Level 1 of the Elven Halls
 40369 | Elf:1    | Found Ihician's Antique Weapon Shoppe.
 40377 | Elf:1    | Found Raptut's Armour Boutique.
 40493 | Elf:1    | Found a transporter.
 40500 | Elf:1    | Found a transporter.
 40526 | Elf:1    | Learned a level 4 spell: Manifold Assault
 40531 | Elf:1    | Learned a level 4 spell: Passage of Golubria
 40536 | Elf:1    | Learned a level 4 spell: Vhi's Electric Charge
 40611 | Elf:1    | Found Worisema's Magic Scroll Shop.
 40614 | Elf:1    | Bought a scroll of summoning for 180 gold pieces
 40614 | Elf:1    | Bought 3 scrolls of blinking for 427 gold pieces
 40641 | Elf:1    | Found Viwy Bapt's Armour Shop.
 40822 | Elf:1    | Found a transporter.
 40826 | Elf:1    | Found a transporter.
 40833 | Elf:1    | Found a transporter.
 40834 | Elf:1    | Found a transporter.
 40842 | Elf:1    | Reached XP level 23. HP: 162/162 MP: 33/38
 40941 | Elf:1    | Got Duor Sol's Folio of Unhallowed Words
 41765 | Elf:2    | Paralysed by an air elemental for 1 turns
 41901 | Elf:2    | Found a runed translucent gate.
 41901 | Elf:2    | Found a runed translucent gate.
 41902 | Elf:2    | Found a runed translucent gate.
 42086 | Elf:2    | Reached skill level 10 in Spellcasting
 42619 | Elf:3    | Entered Level 3 of the Elven Halls
 43219 | Abyss:2  | Found a corrupted altar of Lugonu.
 43219 | Abyss:2  | Cast into level 2 of the Abyss (+1 hand axe of distortion)
 43220 | Abyss:2  | Found a corrupted altar of Lugonu.
 43415 | Abyss:3  | Gained mutation: You occasionally lose the ability to drink
                  | potions when taking damage. [a cacodemon]
 43502 | Abyss:3  | Reached skill level 23 in Invocations
 43571 | Abyss:3  | Found a corrupted altar of Lugonu.
 43579 | Abyss:3  | Found a corrupted altar of Lugonu.
 43579 | Abyss:3  | Found a corrupted altar of Lugonu.
 43638 | Abyss:3  | Found a corrupted altar of Lugonu.
 43707 | Abyss:3  | Found a corrupted altar of Lugonu.
 43793 | Elf:3    | Escaped the Abyss
 43867 | Elf:3    | Lost mutation: You occasionally lose the ability to drink
                  | potions when taking damage. [potion of mutation]
 43867 | Elf:3    | Gained mutation: You occasionally shout uncontrollably at
                  | your foes. [potion of mutation]
 43867 | Elf:3    | Gained mutation: You have large cloven feet. [potion of
                  | mutation]
 43867 | Elf:3    | Gained mutation: You are strong-willed. (Will+) [potion of
                  | mutation]
 44035 | Elf:3    | Your ally Arachne died
 44334 | Elf:3    | Reached skill level 10 in Translocations
 44525 | Elf:3    | Identified the +3 flail "Fakulinn" {spect, rPois Int-4
                  | Dex+2}
 44527 | Elf:3    | Reached XP level 24. HP: 168/168 MP: 38/38
 44552 | Elf:3    | Identified the +1 robe "Voinuod" {Slay+3}
 44653 | Elf:3    | Identified the +3 scale mail of Voracious Lucidity {Int+3}
 44699 | Elf:3    | Identified the +8 orcbow of the Ecumenical Temple {heavy,
                  | rPois rC- Str+2}
 44740 | Elf:3    | Identified the +11 arbalest "Acsullyrch" {heavy, rF+ rC+}
 44742 | Elf:3    | Got Qitaif's Precepts of Blinking Alteration
 44814 | Elf:3    | Acquired 1204 gold pieces
 45014 | Orc:2    | Bought a spiked chain mail for 256 gold pieces
 45014 | Orc:2    | Identified the +0 chain mail of the Furies {rElec rPois}
                  | (You bought it in a shop on level 2 of the Orcish Mines)
 45296 | Vaults:5 | Entered Level 5 of the Vaults
 45301 | Vaults:5 | Found Kaippa Eho's Antique Armour Shop.
 45348 | Vaults:5 | Reached skill level 1 in Air Magic
 45439 | Vaults:5 | Noticed Boris
 45444 | Vaults:5 | Identified the amulet of Zeokhoso {Faith ^Contam rPois rF+
                  | Int+6 Stlth+}
 45448 | Vaults:5 | Killed Boris
 45496 | Vaults:5 | Identified the -2 hat of Fortification {+Inv Dex+6 SInv}
 45620 | Vaults:5 | Got Ojozxo Voeha's Papyrus of the Charged Serac
 45659 | Vaults:5 | Identified the +6 dire flail "Voll" {venom, Dex+3}
 45685 | Vaults:5 | Noticed Sojobo
 45702 | Vaults:5 | Paralysed by an air elemental for 1 turns
 45702 | Vaults:5 | Killed Sojobo
 45702 | Vaults:5 | Charmed Sojobo
 45731 | Vaults:5 | Identified the +0 robe "Nicwefev" {Will+}
 46085 | Vaults:5 | Bought a pair of embroidered gloves for 277 gold pieces
 46105 | Vaults:5 | Identified the +1 arbalest of Syisecio {penet, rF++ rCorr
                  | Int+3}
 46120 | Vaults:5 | Identified the +10 falchion of Agiociho {spect, Fly rN+
                  | Dex-2}
 46193 | Vaults:5 | Reached skill level 1 in Stealth
 46575 | Vaults:5 | Got a silver rune of Zot
 46610 | Vaults:5 | Noticed Mennas
 46635 | Vaults:5 | Killed Mennas
 46849 | Vaults:5 | Identified the staff of Debt {rF+ rC+ Dex-3 Conj Ice}
 47452 | Vaults:5 | Bought a shiny buckler for 277 gold pieces
 47570 | Crypt:1  | Entered Level 1 of the Crypt
 47633 | Crypt:1  | Reached XP level 25. HP: 151/173 MP: 39/39
 48166 | Crypt:2  | Identified the +8 trident of Hard Scrabble {freeze, Dex+3}
 48255 | Crypt:3  | Entered Level 3 of the Crypt
 48671 | Crypt:3  | Reached skill level 24 in Invocations
 48712 | Crypt:3  | Reached skill level 10 in Shields
 48722 | Crypt:3  | Reached skill level 5 in Air Magic
 48948 | Crypt:3  | Noticed Boris
 48966 | Crypt:3  | Killed Boris
 49346 | Crypt:3  | Found a staircase to the Tomb.
 49912 | Crypt:3  | Found a basalt altar of Yredelemnul.
 50057 | Crypt:3  | Identified the +4 scale mail of the Apple {rPois}
 50175 | Crypt:3  | Noticed Jory
 50187 | Crypt:3  | Killed Jory
 50257 | Crypt:3  | Identified the +2 battleaxe of the Five Loafs {flame, Str+5
                  | Stlth+}
 50534 | Crypt:3  | Identified the ring "Hul Darhua" {rF+ rN+ MP+9 Int+2}
 50534 | Crypt:3  | Identified the ring of Vanity {rPois rC- rN+ Slay+2}
 50534 | Crypt:3  | Identified the ring "Piviheq" {rF+ rN+}
 51095 | Slime:1  | Entered Level 1 of the Pits of Slime
 51232 | Slime:3  | Gained mutation: Armour fits poorly on your strangely
                  | shaped body. [a shining eye]
 51344 | Slime:4  | Reached XP level 26. HP: 176/179 MP: 24/40
 51471 | Slime:5  | Entered Level 5 of the Pits of Slime
 51501 | Slime:5  | Noticed the Royal Jelly
 51537 | Slime:5  | Found a viscous altar of Jiyva.
 51545 | Slime:5  | Killed the Royal Jelly
 51618 | Slime:5  | Found the +10 tower shield of Ignorance {rN+ Int-4}
 51629 | Slime:5  | Got a slimy rune of Zot
 51631 | Slime:5  | Got a starry gem with 123 turns to spare
 51644 | Slime:5  | Got the Quarto of the Rocky Wyrd
 51645 | Slime:5  | Identified the +5 executioner's axe "Blob" {vamp, rPois
                  | Will+ Str+4 Dex-4}
 51785 | Slime:5  | Identified the +0 chain mail of Guoca {Str+2 Int+6 Dex+4
                  | Stlth-}
 51836 | Slime:5  | Got the Precepts of the Blessed Realm
 51839 | Slime:5  | Identified the staff of the Undead {rF+ rN+ Str+2 Necro}
 52484 | D:10     | Killed Skimidon's ghost
 54164 | Crypt:1  | Reached skill level 25 in Invocations
 54567 | Crypt:1  | Acquired a +0 eveningstar of protection
 54873 | Depths:1 | Entered Level 1 of the Depths
 55423 | Depths:1 | Found a radiant altar of Vehumet.
 55959 | Depths:1 | Found a one-way gate leading to the halls of Pandemonium.
 56254 | Depths:2 | Reached skill level 10 in Dodging
 56541 | Depths:2 | Noticed a juggernaut
 56545 | Depths:2 | Identified the +3 dagger "Galukh" {holy, Stlth+}
 56558 | Depths:2 | Killed a juggernaut
 56591 | Depths:2 | Reached XP level 27. HP: 147/188 MP: 26/40
 56621 | Depths:2 | Identified the +8 hand axe "Anaamatt" {antimagic, ^Contam
                  | rC++ Str+4 Int+3}
 56717 | Depths:2 | Noticed a juggernaut
 56725 | Depths:2 | Killed a juggernaut
 56737 | Depths:2 | Identified the +1 robe of Insatiable Hunger {Regen+ rCorr}
 56759 | Depths:2 | Noticed a juggernaut
 56771 | Depths:2 | Killed a juggernaut
 56849 | Depths:2 | Noticed a juggernaut
 56856 | Depths:2 | Killed a juggernaut
 56870 | Depths:2 | Got the Folio of Earthen Kindling
 56874 | Depths:2 | Identified the +9 sling "Spiderslayer" {heavy, rF- rN++
                  | Dex+4 Stlth+}
 57235 | Depths:3 | Found a shadowy altar of Dithmenos.
 57321 | Depths:3 | Reached skill level 26 in Invocations
 57400 | Depths:3 | Found a one-way gate to the infinite horrors of the Abyss.
 57698 | Depths:4 | Entered Level 4 of the Depths
 58231 | Depths:4 | Found a one-way gateway to a ziggurat.
 58289 | Depths:4 | Identified the +1 helmet of Ignis's Hope {Fly rN+}
 58629 | Depths:4 | Found a gate to the Realm of Zot.
 58723 | Depths:4 | Found an ancient bone altar of Kikubaaqudgha.
 58962 | Zig:1    | Entered Level 1 of a ziggurat
 59011 | Zig:2    | Entered Level 2 of a ziggurat
 59032 | Zig:2    | Identified the +9 flail "Buazxixt" {venom, rC+}
 59182 | Zig:3    | Entered Level 3 of a ziggurat
 59378 | Zig:4    | Entered Level 4 of a ziggurat
 59439 | Zig:4    | Learned a level 6 spell: Dispersal
 59548 | Zig:4    | Acquired the +0 helmet of Lies {*Corrode +Blink rPois
                  | rC+++}
 59551 | Zig:5    | Entered Level 5 of a ziggurat
 59552 | Zig:5    | Noticed an ancient lich
 59569 | Zig:5    | Killed an ancient lich
 59583 | Zig:5    | Acquired 887 gold pieces
 59769 | Zig:6    | Entered Level 6 of a ziggurat
 59827 | Zig:6    | Identified the +3 buckler "Kimiac" {MP+9}
 59913 | Zig:7    | Entered Level 7 of a ziggurat
 59915 | Zig:7    | Paralysed by an air elemental for 1 turns
 59921 | Zig:7    | Paralysed by an air elemental for 1 turns
 59928 | Zig:7    | Paralysed by an air elemental for 1 turns
 59937 | Zig:7    | Paralysed by an air elemental for 1 turns
 60182 | Zig:7    | Identified the staff of Nywool {rElec rC- SInv Conj Ice
                  | Air}
 60189 | Zig:8    | Entered Level 8 of a ziggurat
 60193 | Zig:8    | Noticed an ancient lich
 60207 | Zig:8    | Noticed an ancient lich
 60216 | Zig:8    | Identified the ring "Osiruli" {rPois rF+ rC+ Will+}
 60221 | Zig:9    | Entered Level 9 of a ziggurat
 60423 | Zot:1    | Entered Level 1 of the Realm of Zot
 61202 | Vaults:4 | Bought a scroll of enchant armour for 150 gold pieces
 62008 | Zot:1    | You are sucked into a shaft and drop 1 floor!
 62084 | Zot:2    | Reached skill level 5 in Stealth
 62084 | Zot:2    | Reached skill level 27 in Invocations
 62479 | Zot:3    | Noticed Vv
 62501 | Zot:3    | Killed Vv
 62609 | Zot:3    | Noticed an ancient lich
 62618 | Zot:3    | Killed an ancient lich
 62638 | Zot:3    | Identified the +4 chain mail of Immorality {-Tele rPois
                  | Int+5}
 63835 | Zot:4    | Reached skill level 15 in Shields
 63886 | Zot:4    | Noticed an orb of fire
 63899 | Zot:4    | Gained mutation: You are vulnerable to heat. (rF-) [an orb
                  | of fire]
 63902 | Zot:4    | Gained mutation: Potions are less effective at restoring
                  | your health. [an orb of fire]
 63913 | Zot:4    | Killed an orb of fire
 63980 | Zot:4    | Lost mutation: Armour fits poorly on your strangely shaped
                  | body. [potion of mutation]
 63980 | Zot:4    | Lost mutation: You have large cloven feet. [potion of
                  | mutation]
 63980 | Zot:4    | Lost mutation: You are vulnerable to heat. (rF-) [potion of
                  | mutation]
 63980 | Zot:4    | Lost mutation: You are strong-willed. (Will+) [potion of
                  | mutation]
 63980 | Zot:4    | Gained mutation: Your health recovers twice as slowly from
                  | being drained. [potion of mutation]
 63980 | Zot:4    | Gained mutation: You are partially covered in iridescent
                  | scales. (AC +2) [potion of mutation]
 64032 | Zot:5    | Entered Level 5 of the Realm of Zot
 64139 | Zot:5    | Learned a level 3 spell: Teleport Other
 64150 | Zot:5    | Noticed an ancient lich
 64165 | Zot:5    | Killed an ancient lich
 64198 | Zot:5    | Noticed an orb of fire
 64216 | Zot:5    | Noticed an orb of fire
 64219 | Zot:5    | Noticed an orb of fire
 64221 | Zot:5    | Gained mutation: Your magical capacity is low. (-10% MP)
                  | [an orb of fire]
 64222 | Zot:5    | Noticed an orb of fire
 64226 | Zot:5    | Killed an orb of fire
 64236 | Zot:5    | Gained mutation: You sometimes lose your temper in combat.
                  | [an orb of fire]
 64239 | Zot:5    | Killed an orb of fire
 64243 | Zot:5    | Killed an orb of fire
 64272 | Zot:5    | Killed an orb of fire
 64550 | Zot:5    | Noticed an orb of fire
 64550 | Zot:5    | Noticed an orb of fire
 64563 | Zot:5    | Gained mutation: You are clumsy. (Dex -2) [an orb of fire]
 64570 | Zot:5    | Noticed an orb of fire
 64572 | Zot:5    | Killed an orb of fire
 64581 | Zot:5    | Killed an orb of fire
 64590 | Zot:5    | Killed an orb of fire
 64689 | Zot:5    | Noticed an orb of fire
 64699 | Zot:5    | Gained mutation: You are frail. (-10% HP) [an orb of fire]
 64701 | Zot:5    | Gained mutation: You occasionally lose the ability to drink
                  | potions when taking damage. [an orb of fire]
 64708 | Zot:5    | Killed an orb of fire
 64824 | Zot:5    | Lost mutation: Potions are less effective at restoring your
                  | health. [potion of mutation]
 64824 | Zot:5    | Lost mutation: You occasionally lose the ability to drink
                  | potions when taking damage. [potion of mutation]
 64824 | Zot:5    | Lost mutation: Your health recovers twice as slowly from
                  | being drained. [potion of mutation]
 64824 | Zot:5    | Lost mutation: You are frail. (-10% HP) [potion of
                  | mutation]
 64903 | Zot:5    | Noticed an orb of fire
 64908 | Zot:5    | Gained mutation: Your body sometimes deteriorates upon
                  | taking damage. [an orb of fire]
 64908 | Zot:5    | Killed an orb of fire
 64911 | Zot:5    | Got the Orb of Zot
 65598 | D:4      | Noticed Nelasum the pandemonium lord
 65674 | D:$      | Escaped with the Orb!

Illustrated notes

Levels and vault maps discovered:
D:1:      psy_arrival_dodecagon, layout_basic,
          shapermc_ecumenical_altar_rom_forum
D:2:      layout_loops_ring, kennysheep_decorative_pillar, minmay_quadrilaterals
D:3:      layout_loops_cross, serial_shops, shop_fountains,
          cheibrodos_sewer_entry_drain, grunt_ministairs_5
D:4:      layout_basic
D:5:      layout_loops_ring, jmf_multi_god_temple2, hangedman_decor_lopped,
          uniq_duvessa
D:6:      layout_rooms, chequers_serial_rivers_room_a, nicolae_elemental_shop
D:7:      layout_loops_ring, regret_index_xom_buried_treasure, temple_doors_cd,
          enter_bailey_6
D:8:      gammafunk_indiana_jones, layout_rooms, fedhas_bush_and_centaur_altar,
          dpeg_lair_monsters, uniq_amaemon
D:9:      layout_basic, chequers_temple_overflow_statue_of_worship
D:10:     layout_small_grid, nicolae_tso_swordbearing_angel,
          gammafunk_ghost_wrathful_warriors, minmay_diced_spiral, uniq_erolcha,
          uniq_snorg
D:11:     wad_statue_garden, layout_basic
D:12:     layout_basic
D:13:     layout_big_octagon, serial_shops, shop_statue
D:14:     layout_irregular_city, david_vaults_4, serial_shops, shop,
          nicolae_take_the_stairs, minmay_misc_feat_four_crosses,
          trog_butcher_becter
D:15:     hangedman_depths_entry_civil_slaughter, layout_layer_cave
Temple:   nicolae_temple_bog_church
Lair:1:   layout_loops_ring, uniq_maggie, uniq_erica
Lair:2:   layout_gridlike, palyth_hydra_swamp_entry, basic_altar
Lair:3:   layout_regular_city, hellmonk_spider_entry_life_and_decay,
          portal_ice_cave_entry_imps, dpeg_oklob_1, lemuel_fruit_tree,
          grunt_megastairs_5
Lair:4:   layout_gridlike, minmay_slime_entry_oklob_open,
          minmay_stone_trees_small, nicolae_quartered_pool_impasse,
          nicolae_lair_grazing_beasts [nicolae_sub_lair_graze_edge,
          nicolae_sub_lair_graze_edge, nicolae_sub_lair_graze_edge,
          nicolae_sub_lair_graze_edge], uniq_urug
Lair:5:   evil_forest, layout_misc_corridors
Swamp:1:  layout_basic_swamp, evilmike_swamp_ruin_house_1
Swamp:2:  layout_falls_marsh, wheals_swamp_sinkhole, swamp_pool_3,
          nicolae_swamp_dense_foliage, hangedman_swamp_pad,
          hangedman_swamp_lotus
Swamp:3:  layout_falls_marsh, gammafunk_ghost_mausoleum,
          evilmike_swamp_ruin_wall, swamp_pool_4, nicolae_swamp_tree_designs,
          nicolae_swamp_necromancer_hut
Swamp:4:  swamp_old_school, layout_basic_swamp
Spider:1: layout_spider_delve, hellmonk_test_site, uniq_louise
Spider:2: layout_spider_delve, uniq_azrael, uniq_arachne
Spider:3: layout_spider_delve, nicolae_spider_undead_wolf_pack, uniq_nikola
Spider:4: guppyfry_spider_rune
Slime:1:  layout_caves
Slime:2:  layout_caves, nicolae_slime_crime_time
Slime:3:  layout_caves, cheibrodos_slime_lost_civilization_4
Slime:4:  layout_caves
Slime:5:  slime_pit_nicolae_trefoil
Orc:1:    layout_caves
Orc:2:    grunt_orc_gardens, layout_diamond_mine, grunt_orc_garden,
          grunt_orc_garden, grunt_orc_garden, grunt_orc_garden, serial_shops,
          shop
Elf:1:    elf_arrival_002, layout_geoelf_grid, serial_shops,
          nicolae_shop_real_fake_doors, shop, nicolae_shop_hallway_plus, shop,
          minmay_elf_necromancy, grunt_ministairs_15, serial_nicolae_subway,
          nicolae_sub_station_crystal, nicolae_sub_station_stone,
          nicolae_sub_station_metal
Elf:2:    nicolae_elf_blades_splatter_lattice
          [nicolae_blade_entry_crossed_weapons], layout_loops_cross
Elf:3:    elf_hall, layout_onion_city, serial_sigils,
          serial_sigils_hangedman_carve, serial_sigils_hangedman_quiver,
          serial_sigils_hangedman_shear, serial_sigils_hangedman_scratch,
          nicolae_twisty_statue_hallways
Vaults:1: portal_desolation_entry_salt, grunt_vaults_bifocal,
          nicolae_vaults_mitosis, nicolae_vaults_storage_closets_3,
          vaults_standard_mumra_enter_the_diamond, vaults_room_grid,
          hangedman_vaults_slice, nicolae_vaults_steering_wheel, st_cross,
          v_misc_13, hangedman_vaults_hat, nicolae_vaults_little_squares_5,
          grunt_vaults_focal, layout_vaults_maze_bifur
Vaults:2: v_misc_30, minmay_crypt_entry_simple_round, hangedman_vaults_maws,
          nicolae_vaults_tangram_1, ontoclasm_vaults_idyll, vaults_room_octagon,
          v_misc_28, nicolae_vaults_closet_pinwheel_1,
          nicolae_vaults_variable_pillar_hall, nicolae_vaults_house_1,
          layout_vaults_quadrants, serial_shops, shop
Vaults:3: grunt_vaults_diagonal, v_rooms_5, nicolae_vaults_ninety_degrees,
          nicolae_vaults_arrows, nicolae_vaults_tetromino_Z_1,
          nicolae_vaults_surprise_closet, v_misc_33,
          serial_library_hellmonk_semicircle, hangedman_vaults_corner,
          ontoclasm_vaults_loading_screen, nicolae_vaults_hexular_roomagon,
          nicolae_vaults_trapezoid_lopsided_1, st_more_cells,
          layout_vaults_big_cross, serial_shops, nicolae_diamond_shop,
          nicolae_square_shop, shop
Vaults:4: nicolae_vaults_yaktaur_gun_rack, hangedman_vaults_stitches,
          v_pattern_1, nicolae_vaults_big_angled_halls,
          ontoclasm_vaults_gallery, nicolae_vaults_three_branches, v_misc_10,
          vaults_room_grunt_arrival_ludios, nicolae_vaults_specimen_jars,
          vaults_room_octagon, vaults_dpeg_cross, nicolae_vaults_double_plus_2,
          vaults_room_semicircle, layout_vaults_omnibox, serial_shops,
          nicolae_shop_trees
Vaults:5: uniq_sojobo, uniq_mennas, uniq_boris
Crypt:1:  layout_basic, minivault_24, columned_hall_lemuel, uniq_margery
Crypt:2:  layout_chaotic_city
Crypt:3:  church_of_pain_bobbens, layout_chaotic_city,
          nicolae_tomb_entry_grand_gallery, serial_sigils_hangedman_stare,
          nicolae_fountain_basement
Depths:1: layout_gridlike, rand_demon_pan_entry_8, kennysheep_nondescript,
          grunt_metal_band, hangedman_abyss_or_decor_passed, dk_noncrumbling_2,
          fiery_altar_vehumet
Depths:2: lemuel_castle_with_subvaults [lemuel_castle_interior_carwin_3],
          layout_cave_pools, hellmouth_1, pan_entry
Depths:3: cheibrodos_quadrivalence, layout_cave_shapes,
          pf_vacation_house_of_asmodeus, pan_entry, abyss_entry,
          nicolae_dithmenos_shadow_blocks, drop_trap, statue_in_the_mist_lemuel,
          nrook_mini_backslash, hangedman_decor_opposing, minmay_misc_feat_cross
Depths:4: grunt_zot_entry_pinwheel, layout_cave_shapes, enter_ziggurat_f,
          serial_bayou_pond_e, pf_hell_entry_tar_spiral, kiku_gazebo_pond_becter
Zot:1:    layout_concentric_octagons, grunt_megastairs_2
Zot:2:    layout_misc_corridors
Zot:3:    ebering_klown_carousel, layout_basic, uniq_vv
Zot:4:    grunt_deathspiral_small, layout_onion
Zot:5:    layout_twisted_circle

Skill      XL: |  1  2  3  4  5  6  7  8  9 10 11 12 13 14 15 16 17 18 19 20 21 22 23 24 25 26 27 |
---------------+----------------------------------------------------------------------------------+-----
Fighting       | 3 4 5 6 7 9 10 11 12 13 14 15 16 18 19 20 21 22 23 24 | 24.6
Maces & Flails | 4 5 6 8 9 10 11 12 13 14 15 16 | 16.0
Dodging        | 2 3 5 6 8 10 | 10.0
Throwing       | 1 2 |  2.0
Armour         | 2 4 6 7 8 10 11 13 15 16 18 19 20 21 22 23 24 | 24.5
Invocations    | 4 8 11 13 14 15 16 18 19 21 22 23 24 25 27 | 27.0
Evocations     | 2 4 5 |  5.0
Translocations | 1 4 5 7 10 11 12 13 | 13.7
Shields        | 5 8 9 10 21 | 21.3
Spellcasting   | 4 6 8 11 12 13 | 13.0
Air Magic      | 4 6 |  6.0
Stealth        | 2 5 |  5.0
Conjurations   | |  3.2

Action                     |  1- 3 |  4- 6 |  7- 9 | 10-12 | 13-15 | 16-18 | 19-21 | 22-24 | 25-27 || total
---------------------------+-------+-------+-------+-------+-------+-------+-------+-------+-------++-------
  Melee: Mace              |    86 |       |       |       |       |       |       |       |       ||    86
         Punch             |     2 |     1 |     1 |     7 |     2 |       |       |       |       ||    13
         Hand axe          |    46 |   122 |   188 |       |    27 |       |       |       |       ||   383
         Flail             |       |       |    90 |   466 |    55 |       |       |       |       ||   611
         Spear             |       |       |     9 |       |       |       |       |       |       ||     9
         Trident           |       |       |       |     1 |    13 |       |       |       |       ||    14
         Demon whip        |       |       |       |     6 |       |       |       |       |       ||     6
         Morningstar       |       |       |       |       |   524 |   460 |  1098 |  1432 |  1188 ||  4702
         Eveningstar       |       |       |       |       |       |       |       |       |  1603 ||  1603
   Fire: Sling             |       |       |     3 |       |       |       |       |       |       ||     3
  Throw: Stone             |    12 |     5 |     1 |       |       |       |       |       |       ||    18
         Dart              |       |       |     6 |    23 |    16 |     6 |       |     2 |       ||    53
         Boomerang         |       |       |       |     4 |     1 |     1 |     6 |       |       ||    12
         Javelin           |       |       |       |       |     1 |       |       |       |       ||     1
   Cast: Kiss of Death     |     1 |       |       |       |       |       |       |       |       ||     1
         Apportation       |       |       |       |     2 |       |       |       |       |       ||     2
         Sting             |       |       |       |       |       |     1 |       |       |       ||     1
         Lesser Beckoning  |       |       |       |       |       |       |     1 |       |       ||     1
         Blink             |       |       |       |       |       |       |     1 |     2 |     7 ||    10
         Manifold Assault  |       |       |       |       |       |       |       |   118 |   158 ||   276
         Vhi's Electric Ch |       |       |       |       |       |       |       |     6 |    82 ||    88
         Passage of Golubr |       |       |       |       |       |       |       |       |     6 ||     6
 Invoke: Recall Undead Har |     1 |     2 |     1 |     5 |    16 |     2 |    12 |     9 |    24 ||    72
         Dark Bargain      |       |     1 |       |     9 |    18 |    20 |    25 |    34 |    44 ||   151
         Bind Soul         |       |       |       |       |     1 |     1 |       |     2 |       ||     4
         Drain Life        |       |       |       |       |     3 |     4 |     7 |    14 |    11 ||    39
  Evoke: Wand              |       |       |       |     8 |     5 |     2 |     2 |    10 |    30 ||    57
         Tin of tremorston |       |       |       |     1 |     2 |       |     2 |     2 |     1 ||     8
         Phantom mirror    |       |       |       |       |     1 |     1 |     1 |     1 |     5 ||     9
         Lightning rod     |       |       |       |       |       |       |       |     9 |    13 ||    22
         Box of beasts     |       |       |       |       |       |       |       |     1 |     1 ||     2
    Use: Scroll            |     5 |     2 |     8 |     6 |     7 |     1 |     9 |     9 |    42 ||    89
         Potion            |       |       |     7 |     4 |     4 |     5 |     5 |    19 |    27 ||    71
   Stab: Distracted        |       |       |     2 |     2 |     8 |    20 |    14 |    23 |    48 ||   117
         Fleeing           |       |       |       |       |     1 |       |       |     2 |       ||     3
         Invisible         |       |       |       |       |       |     2 |       |       |       ||     2
         Paralysed         |       |       |       |       |       |     1 |       |     5 |    65 ||    71
         Held in net/web   |       |       |       |       |       |       |     3 |     7 |       ||    10
 Armour: Leather armour    |    79 |    58 |    13 |       |       |       |       |       |       ||   150
         Ring mail         |       |       |   122 |   272 |       |       |       |       |       ||   394
         Chain mail        |       |       |    73 |       |       |       |       |       |       ||    73
         Plate armour      |       |       |       |   155 |   683 |   642 |  1411 |  1217 |  1767 ||  5875
         Skin              |       |       |       |       |    40 |       |       |       |       ||    40
         Pearl dragon scal |       |       |       |       |       |       |       |       |   264 ||   264
  Dodge: Dodged            |    93 |    77 |   154 |   219 |   238 |   198 |   461 |   423 |  1032 ||  2895
         Repelled          |       |       |       |       |       |       |       |       |    29 ||    29
  Block: Buckler           |       |       |       |       |   129 |   230 |   385 |   336 |   789 ||  1869
         Tower shield      |       |       |       |       |       |       |       |       |   540 ||   540
